 Dungeon Crawl Stone Soup version 0.25-a0-697-g890751e744 (webtiles) character file.

Game seed: 18378915825922413061, levelgen mode: deterministic

783 CryoSword the Sneak (level 7, -3/38 HPs)
             Began as a Vampire Enchanter on Apr 1, 2020.
             Was an Initiate of Dithmenos.
             Killed by divine providence
             ... invoked by an orc priest
              (12 damage)
             ... on level 5 of the Dungeon.
             The game lasted 00:20:19 (5086 turns).

CryoSword the Sneak (Vampire Enchanter)             Turns: 5086, Time: 00:20:20

Health: -3/38      AC:  2    Str:  8    XL:     7   Next: 55%
Magic:  1/11       EV: 14    Int: 18    God:    Dithmenos [......]
Gold:   281        SH: 10    Dex: 15    Spells: 2/11 levels left

rFire    . . .     SeeInvis +   a - +1 dagger (drain)
rCold    + + .     Gourm    .   e - +1 buckler
rNeg     + + +     Faith    .   b - +0 robe
rPois    ∞         Spirit   .   (no helmet)
rElec    .         Reflect  +   y - scarf {cloud immunity}
rCorr    .         Harm     .   (no gloves)
MR       .....                  (no boots)
Stlth    +++++.....             c - +4 amulet of reflection
HPRegen  0.00/turn              (no ring)
MPRegen  0.12/turn              (no ring)

@: confusing touch, bloodless
A: no food, fangs 3, see invisible, unbreathing
a: Bat Form, Revivify, Renounce Religion


You were on level 5 of the Dungeon.
You worshipped Dithmenos.
Dithmenos was noncommittal.
You were bloodless.

You visited 2 branches of the dungeon, and saw 7 of its levels.

You collected 281 gold pieces.

Inventory:

Hand Weapons
 a - a +1 dagger of draining (weapon)
   (You took it off a kobold on level 1 of the Dungeon)
 k - a +1 hand axe of flaming
   (You took it off a kobold on level 2 of the Dungeon)
Missiles
 n - 60 poisoned darts (quivered)
 o - 2 throwing nets
Armour
 b - a +0 robe (worn)
 e - a +1 buckler (worn)
   (You took it off a hobgoblin on level 1 of the Dungeon)
 y - a scarf of cloud immunity (worn)
   (You found it on level 4 of the Dungeon)
Jewellery
 c - a +4 amulet of reflection (around neck)
   (You found it on level 3 of the Dungeon)
Wands
 r - a wand of paralysis (11)
   (You found it on level 4 of the Dungeon)
 u - a wand of flame (11)
   (You took it off a goblin on level 4 of the Dungeon)
Scrolls
 d - 5 scrolls of remove curse {@r2}
 f - 2 scrolls of enchant armour
 g - a scroll of magic mapping {unknown}
 h - a scroll of teleportation {unknown}
 m - a scroll of fog {unknown}
 q - 3 scrolls of identify {@r1}
 s - a scroll of vulnerability {unknown}
 t - a scroll of random uselessness {unknown}
 v - 2 scrolls of noise {unknown}
 x - a scroll of immolation {unknown}
Potions
 i - a potion of brilliance {unknown}
 j - 3 potions of degeneration {!q}
 l - a potion of heal wounds {@q2}
 p - a potion of curing {unknown}
 w - a potion of haste {unknown}


   Skills:
 + Level 1.1 Fighting
 + Level 3.7 Short Blades
 - Level 3.7 Dodging
 + Level 6.9 Stealth
 * Level 3.7 Shields
 + Level 2.7 Spellcasting
 - Level 5.0 Hexes
 - Level 3.0 Ice Magic


You had 2 spell levels left.
You knew the following spells:

 Your Spells              Type           Power        Failure   Level  Hunger
a - Corona                Hex            ###....      2%          1    N/A
b - Ensorcelled Hibernat  Hex/Ice        ###...       4%          2    N/A
c - Confusing Touch       Hex            ###.....     6%          3    N/A
d - Tukima's Dance        Hex            ###.....     6%          3    N/A

Your spell library contained the following spells:

 Spells                   Type           Power        Failure   Level  Hunger
 Dazzling Flash           Conj/Hex       ##....       19%         3    N/A

Dungeon Overview and Level Annotations

Branches:
Dungeon (6/15)             Temple (1/1) D:4

Altars:
Ashenzari
Dithmenos
Vehumet
Wu Jian
The Shining One


Innate Abilities, Weirdness & Mutations

You do not eat.
You do not regenerate when monsters are visible.
You are frail without blood (-20% HP).
You can heal yourself when you bite living creatures.
You are immune to poison.
You have razor-sharp teeth.
You have supernaturally acute eyesight. (SInv)
You can survive without breathing.


Message History

You bite the orc wizard, and draw its blood!
You puncture the orc wizard!
You kill the orc wizard!
Dithmenos accepts your kill.
Your Fighting skill increases to level 1!
No target in view!
No target in view!
Things that are here:
a +0 dagger; a +0 robe; an orc corpse You start resting.
The centaur skeleton is too close now for your liking.
Throwing (i - inventory. (/) - cycle)
n - 61 poisoned darts (quivered)
Aim: a centaur skeleton (hasn't noticed you)
You throw a poisoned dart.
The poisoned dart hits the centaur skeleton.
You miscast Confusing Touch.
You are very lightly contaminated with residual magic.
Multicoloured lights dance before your eyes!
Your hands begin to glow red.
You block the centaur skeleton's attack. x2
You hit the centaur skeleton but do no damage.
The centaur skeleton appears confused.
The centaur skeleton barely misses you.
You catch the helpless centaur skeleton completely off-guard!
You impale the centaur skeleton!! The centaur skeleton barely misses you.
You hit the centaur skeleton. The centaur skeleton barely misses you.
You catch the helpless centaur skeleton completely off-guard!
You impale the centaur skeleton!!
You destroy the centaur skeleton!
Dithmenos accepts your kill.
No target in view!
No target in view!
You start resting.
Your magical contamination has completely faded away.
You start resting.
n - 61 poisoned darts (gained 1)
The orc wizard is too close now for your liking.
An orc wizard is nearby!
The orc wizard casts a spell at you. The magic dart hits you!
Things that are here:
a +0 dagger; a +0 robe; an orc corpse
Aim: an orc wizard, wielding a +0 dagger and wearing a +0 robe (chance to defeat MR: 47%)
The orc wizard resists with some effort.
Aim: an orc wizard, wielding a +0 dagger and wearing a +0 robe (chance to defeat MR: 47%)
The orc wizard resists with some effort.
Aim: an orc wizard, wielding a +0 dagger and wearing a +0 robe (chance to defeat MR: 47%)
The orc wizard looks drowsy...
The helpless orc wizard fails to defend itself.
You bite the orc wizard, and draw its blood!
You feel better.
You skewer the orc wizard like a kebab!!!
You kill the orc wizard!
Dithmenos accepts your kill.
No target in view!
You start resting.
Things that are here:
a +0 dagger; a +0 robe; an orc corpse
Things that are here:
a +0 dagger; a +0 robe; an orc corpse The orc is too close now for your liking.
An orc is nearby!
Throwing (i - inventory. (/) - cycle)
n - 61 poisoned darts (quivered)
Aim: an orc, wielding a +0 club and quivering 2 boomerangs (hasn't noticed you)
You throw a poisoned dart. The poisoned dart hits the orc.
The orc is poisoned.
The orc shouts!
You hear a shout!
The orc throws a boomerang.
The boomerang hits you.
The weapon returns to the orc!
The orc throws a boomerang.
The boomerang hits you but does no damage.
The weapon returns to the orc!
Throwing (i - inventory. (/) - cycle)
n - 60 poisoned darts (quivered)
Aim: an orc, wielding a +0 club and quivering 2 boomerangs (moderately wounded, poisoned)
You throw a poisoned dart. The poisoned dart hits the orc.
The orc looks even sicker.
The orc throws a boomerang.
The boomerang hits you but does no damage.
The weapon returns to the orc!
Throwing (i - inventory. (/) - cycle)
n - 59 poisoned darts (quivered)
Aim: an orc, wielding a +0 club and quivering 2 boomerangs (heavily wounded, very poisoned)
You throw a poisoned dart.
The poisoned dart barely misses the orc.
The orc throws a boomerang.
The boomerang hits you.
The weapon returns to the orc!
Throwing (i - inventory. (/) - cycle)
n - 58 poisoned darts (quivered)
Aim: an orc, wielding a +0 club and quivering 2 boomerangs (heavily wounded, very poisoned)
You throw a poisoned dart. The poisoned dart hits the orc.
The orc priest calls upon Beogh to heal the orc.
The orc's wounds heal themselves!
The orc throws a boomerang.
The boomerang misses you.
The weapon returns to the orc!
Throwing (i - inventory. (/) - cycle)
n - 57 poisoned darts (quivered)
Aim: an orc, wielding a +0 club and quivering 2 boomerangs (very poisoned)
You throw a poisoned dart.
The poisoned dart closely misses the orc.
The orc priest mumbles some strange prayers to Beogh against you.
Beogh smites you!
* * * LOW HITPOINT WARNING * * *
The orc throws a boomerang.
The boomerang hits you.
* * * LOW HITPOINT WARNING * * *
The weapon returns to the orc!
Things that are here:
a +0 dagger; a +0 robe; an orc corpse Dithmenos accepts your kill.
You feel a bit more experienced.
Things that are here:
a +0 dagger; a +0 robe; an orc corpse You see here a ration {!d}.
There is a stone staircase leading up here.
You climb upwards.
There is a stone staircase leading down here.
You see here a ration {!d}.
There is a stone staircase leading down here.
You start resting.
You climb downwards.
There is a stone staircase leading up here.
q - 3 scrolls of identify {@r1} (gained 1)
d - 5 scrolls of remove curse {@r2} (gained 3)
You now have 281 gold pieces (gained 8).
n - 60 poisoned darts (gained 4)
z - 2 boomerangs
Things that are here:
a +0 club; an orc skeleton
Things that are here:
a +0 club; an orc skeleton Drop what? 26/52 slots (_ for help) (? for menu, Esc to quit)
You drop 2 boomerangs.
Aim: an orc priest, wielding a +0 trident (hasn't noticed you, chance to defeat MR: 47%)
The orc priest shouts!
The orc priest resists with some effort.
Aim: an orc priest, wielding a +0 trident (chance to defeat MR: 47%)
The orc priest resists with some effort.
Aim: an orc priest, wielding a +0 trident (chance to defeat MR: 47%)
The orc priest resists with some effort.
The orc priest hits you from afar with a +0 trident.
Aim: an orc priest, wielding a +0 trident (chance to defeat MR: 47%)
The orc priest looks drowsy...
The orc priest shouts!
The orc priest invokes the aid of Beogh against you.
Beogh smites you!
You are too injured to fight recklessly!
You are too injured to fight recklessly!
Your hands begin to glow red.
The orc priest mumbles some strange prayers to Beogh against you.
Beogh smites you!
* * * LOW HITPOINT WARNING * * *
You hit the orc priest but do no damage.
You block the orc priest's attack.
You completely miss the orc priest.
The orc priest calls down the wrath of Beogh upon you.
Beogh smites you!
You die...

#######).## ####.....
##..## ###.......> ##(.###
####.%........
#.....#######.....#.......
#......[.#......##........
##........[....####........
#..............# #..o.....
##%.............##
#........
#..........@.....#
##......<
#...........o...## ##......
#...............# #......
##..............# ##...##
#..............# ######
#.............## ##
#.............## ##.
###............## ##..
##.........##.### ###...


You could see an orc priest.

Vanquished Creatures
  Sigmund (D:2)
  Menkaure (D:5)
  A centaur zombie (D:5)
  A jelly (D:3)
  A centaur skeleton (D:5)
  2 hounds (D:4)
  A bullfrog skeleton (D:4)
  2 orc wizards (D:5)
  A worker ant (D:6)
  A worker ant zombie (D:5)
  3 gnolls (D:3)
  10 adders
  A shadow imp (D:5)
  3 oozes
  An adder skeleton (D:5)
  2 worms
  3 dart slugs (D:1)
  8 leopard geckos
  4 orcs
  A ball python (D:3)
  11 bats
  A giant cockroach (D:3)
  6 goblins
  5 hobgoblins
  2 jackals (D:3)
  5 quokkas
  2 frilled lizards (D:2)
  8 kobolds
  7 rats
95 creatures vanquished.

Vanquished Creatures (others)
  4 toadstools (D:1)
4 creatures vanquished.

Grand Total: 99 creatures vanquished

Notes
Turn   | Place    | Note
-------+----------+-------------------------------------------
     0 | D:1      | CryoSword the Vampire Enchanter began the quest for the
                  | Orb.
     0 | D:1      | Reached XP level 1. HP: 13/13 MP: 3/3
   154 | D:1      | Reached XP level 2. HP: 5/19 MP: 0/5
   299 | D:1      | Reached skill level 5 in Hexes
   311 | D:1      | Learned a level 2 spell: Ensorcelled Hibernation
   534 | D:1      | Reached XP level 3. HP: 24/24 MP: 3/6
   559 | D:1      | Reached skill level 5 in Stealth
   971 | D:1      | Reached skill level 1 in Ice Magic
  1089 | D:2      | Noticed Sigmund
  1107 | D:2      | Killed Sigmund
  1107 | D:2      | Reached skill level 1 in Shields
  1107 | D:2      | Reached XP level 4. HP: 22/30 MP: 4/7
  1107 | D:2      | Reached XP level 5. HP: 25/35 MP: 4/8
  1875 | D:3      | Reached XP level 6. HP: 41/41 MP: 9/9
  2419 | D:3      | Reached skill level 6 in Stealth
  2596 | D:3      | Found a shattered altar of Ashenzari,
  3241 | D:4      | Found a radiant altar of Vehumet,
  3242 | D:4      | You fall into a shaft and drop 2 floors!
  3285 | D:5      | Entered Level 5 of the Dungeon
  3703 | D:5      | Learned a level 3 spell: Confusing Touch
  3707 | D:5      | Learned a level 3 spell: Tukima's Dance
  3829 | D:5      | Reached XP level 7. HP: 46/46 MP: 7/10
  4209 | D:4      | Found a staircase to the Ecumenical Temple,
  4218 | Temple   | Entered the Ecumenical Temple
  4225 | Temple   | Became a worshipper of Dithmenos the Shadowed
  4419 | D:5      | Noticed Menkaure
  4448 | D:5      | Killed Menkaure
  4660 | D:5      | Reached skill level 1 in Fighting
  5086 | D:5      | Killed from afar by an orc priest

Levels and vault maps discovered:
D:1:      ldierk_walled_garden_2, layout_loops_ring, st_stairs_8, minmay_cut_off
D:2:      layout_basic, uniq_sigmund
D:3:      layout_loops_cross, overflow_temple_1_default, minmay_pentangle
D:4:      layout_cave_pools, minmay_temple_entry_poolview, vehumet_altar_wand_db
D:5:      layout_cave_pods, first_ration, trog_hazing_becter, uniq_menkaure
D:6:      layout_gridville, minmay_misc_feat_ornament
Temple:   minmay_crystal_snake_temple

Skill      XL: |  1  2  3  4  5  6  7 |
---------------+----------------------+-----
Hexes          | 5 |  5.0
Stealth        | 5 6 |  6.9
Ice Magic      | 2 3 |  3.0
Short Blades   | 2 3 |  3.7
Dodging        | 3 |  3.7
Shields        | 1 2 3 |  3.7
Fighting       | 1 |  1.1
Spellcasting   | |  2.7

Action                   |  1- 3 |  4- 6 |  7- 9 || total
-------------------------+-------+-------+-------++-------
Melee: Dagger            |    74 |   183 |    34 ||   291
       Bite              |     8 |    16 |     2 ||    26
Throw: Stone             |     9 |     2 |       ||    11
       Dart              |       |     8 |     6 ||    14
 Cast: Corona            |    15 |    12 |     1 ||    28
       Ensorcelled Hiber |    11 |    37 |    12 ||    60
       Confusing Touch   |       |     1 |     4 ||     5
 Abil: Exsanguinate      |       |       |     1 ||     1
  Use: Scroll            |       |     5 |       ||     5
 Stab: Sleeping          |     6 |    38 |     6 ||    50
       Confused          |       |     1 |     5 ||     6
Armor: Robe              |    20 |    32 |     1 ||    53
Dodge: Dodged            |    56 |    81 |    11 ||   148
Block: Other             |       |    17 |       ||    17
       Buckler           |       |     4 |     9 ||    13

Table legend:
 A = Non-vault XP
 B = Vault XP
 C = Vault XP percentage of total XP
 D = Non-vault monster count
 E = Vault monster count
 F = Vault count percentage of total count
                 A         B        C        D         E       F
            +---------+---------+-------+---------+---------+-------
      Total |     646 |     473 |  42.3 |      79 |      16 |  16.8
            +---------+---------+-------+---------+---------+-------
        D:1 |      60 |       8 |  11.8 |      20 |       4 |  16.7
        D:2 |      64 |     220 |  77.5 |      18 |       1 |   5.3
        D:3 |     101 |      71 |  41.3 |      18 |       9 |  33.3
        D:4 |     168 |       2 |   1.2 |      11 |       1 |   8.3
        D:5 |     220 |     172 |  43.9 |      11 |       1 |   8.3
        D:6 |      33 |       0 |   0.0 |       1 |       0 |   0.0
            +---------+---------+-------+---------+---------+-------
